 Dungeon Crawl Stone Soup version 0.28-a0-1404-g4df0f3684d (webtiles) character file.

Game seed: 8051047559761237095

62 fragbeetle the Ruffian (level 3, 0/29 HPs)
             Began as a Draconian Transmuter on Jan 6, 2022.
             Slain by Robin (7 damage)
             ... on level 2 of the Dungeon.
             The game lasted 00:03:36 (1606 turns).

fragbeetle the Ruffian (Draconian Transmuter)       Turns: 1606, Time: 00:03:37

Health: 0/29       AC:  6    Str: 14    XL:     3   Next: 85%
Magic:  5/6        EV: 12    Int: 13    God:
Gold:   93         SH:  0    Dex: 11    Spells: 5/6 levels left

rFire   . . .      SeeInvis .     - Unarmed
rCold   . . .      Faith    .   (no shield)
rNeg    . . .      Spirit   .   (armour unavailable)
rPois   .          Reflect  .   (helmet currently unavailable)
rElec   .          Harm     .   (no cloak)
rCorr   .          Rampage  .   i - +0 pair of gloves
Will    .....                   (boots currently unavailable)
Stlth   +.........              (no amulet)
HPRegen 0.09/turn               (no ring)
MPRegen 0.10/turn               (no ring)

@: appendages
A: horns 2, talons 2, AC +5, unfitting armour, cold-blooded
a: End Transformation


You were on level 2 of the Dungeon.
You had temporarily grown beastly horns and talons.
You visited 1 branch of the dungeon, and saw 2 of its levels.

You collected 93 gold pieces.

Inventory:

Hand Weapons
 j - a +0 hunting sling
Missiles
 b - 20 stones
Armour
 i - a +0 pair of gloves (worn)
Magical Staves
 h - a staff of conjuration
Jewellery
 e - a ring of wizardry
Scrolls
 d - a scroll of noise
Potions
 a - a potion of brilliance {unknown}
 f - 2 potions of heal wounds {unknown}
 g - 2 potions of lignification {unknown}
 k - a potion of cancellation {unknown}


   Skills:
 + Level 1.8 Fighting
 + Level 2.2 Dodging
 * Level 3.6 Unarmed Combat
 - Level 2.0 Spellcasting
 * Level 3.0 Transmutations


You had 5 spell levels left.
You knew the following spells:

 Your Spells              Type           Power      Damage    Failure   Level
a - Beastly Appendage     Tmut           18%        N/A       8%          1

Your spell library contained the following spells:

 Spells                   Type           Power      Damage    Failure   Level
 Wereblood                Tmut           9%         N/A       11%         2
 Spider Form              Tmut/Pois      5%         N/A       38%         3
 Ice Form                 Ice/Tmut       5%         N/A       80%         4


Dungeon Overview and Level Annotations

Branches:
Dungeon (2/15)

Altars:

Annotations:
D:2 Robin


Innate Abilities, Weirdness & Mutations

You have temporarily grown beastly horns and talons.
Your plain brown scales are hard. (AC +5)
You cannot fit into any form of body armour.
You are cold-blooded and may be slowed by cold attacks.


Message History

Robin says, "A pitiful Draconian like you will never find the ORB!"
You hit the hobgoblin.
You kill the hobgoblin!
The hobgoblin no longer looks unusually strong.
You hit the goblin. Your headbutt misses the goblin.
The goblin is severely wounded.
The goblin hits you with a +0 club.
You hit the goblin.
You kill the goblin!
You closely miss the goblin.
The goblin is severely wounded.
The goblin hits you but does no damage.
Robin roars a battlecry!
The goblins go into a battle-frenzy!
You hit the goblin.
You kill the goblin!
Your Transmutations skill increases to level 3!
You hit Robin.
Robin is lightly wounded.
Your horns disappear.
Your talons disappear.
You hit Robin.
Robin is moderately wounded.
Robin hits you with a +7 club.
* * * LOW HITPOINT WARNING * * *
You barely miss Robin.
Robin is moderately wounded.
Robin misses you.
You hit Robin but do no damage.
Robin is moderately wounded.
Robin closely misses you.
Casting: Beastly Appendage (safe; 8% risk of failure)
Confirm with . or Enter, or press ? or * to list all spells.
You grow a pair of large bovine horns.
Your feet morph into talons.
Robin closely misses you.
You closely miss Robin. Your kick misses Robin.
You headbutt Robin, but do no damage. You tail-slap Robin, but do no damage.
Robin is moderately wounded.
Robin's horned helmet rattles.
Robin hits you with a +7 club!
You die...

)####.)g...g..#
.#......g.##..##
.#########.....#
#....#.P..###..####
..PP.#....PP.#....#
.....#.P..P..##.g##
P.P..#.P.....P.#g#
....._......P..#g#
.....#.........#@#
.P..P#..P.P..#####
PP...#.P..P.P#
#.P.P#.P..###.#
.#########.# ## ##
###


You could see Robin, a hobgoblin (strong) and a goblin (strong).

Vanquished Creatures
  An adder (D:2)
  2 dart slugs (D:2)
  3 ball pythons
  3 endoplasms
  13 goblins
  5 hobgoblins
  5 bats
  2 frilled lizards
  7 kobolds
  4 rats
45 creatures vanquished.

Vanquished Creatures (others)
  A fungus (D:2)
  A withered plant (D:2)
2 creatures vanquished.

Grand Total: 47 creatures vanquished

Notes
Turn   | Place    | Note
-------+----------+-------------------------------------------
     0 | D:1      | fragbeetle the Draconian Transmuter began the quest for the
                  | Orb.
     0 | D:1      | Reached XP level 1. HP: 16/16 MP: 3/3
   289 | D:1      | Reached XP level 2. HP: 23/23 MP: 3/5
   855 | D:2      | Reached XP level 3. HP: 28/28 MP: 4/6
  1506 | D:2      | Found a faded altar of an unknown god.
  1569 | D:2      | Noticed Robin
  1606 | D:2      | Slain by Robin

Illustrated notes

Levels and vault maps discovered:
D:1:      scummos_arrival_forest, layout_basic, minmay_octomino_e4
D:2:      layout_basic, shapermc_ecumenical_altar_gd,
          minmay_misc_feat_nine_boxes, uniq_robin

Skill      XL: |  1  2  3 |
---------------+----------+-----
Dodging        | 2 |  2.2
Transmutations | 3 |  3.0
Fighting       | |  1.8
Unarmed Combat | |  3.6
Spellcasting   | |  2.0

Action                   || total
-------------------------++-------
Melee: Unarmed           ||   111
       Kick              ||    21
       Headbutt          ||     9
       Tailslap          ||     6
 Cast: Beastly Appendage ||    28
  Use: Scroll            ||     3
 Stab: Sleeping          ||     2
Armor: Skin              ||    35
Dodge: Dodged            ||    67

Table legend: (Time is in decaauts)
 A = Elapsed time spent in this place.
 B = Non-inter-level travel time spent in this place.
 C = Inter-level travel time spent in this place.
 D = Time resting spent in this place.
 E = Time spent auto-exploring this place.
 F = Levels seen in this place.
 G = Mean time per level.
                   A        B        C        D        E       F      G
               +--------+--------+--------+--------+--------+-----+--------+
         Total |   1604 |   1602 |      2 |      2 |   1181 |   2 |  802.0 |
       Dungeon |   1604 |   1602 |      2 |      2 |   1181 |   2 |  802.0 |
               +--------+--------+--------+--------+--------+-----+--------+

Top non-repeatable levels by time:
     D:1: 840 daAuts
     D:2: 763 daAuts
